 Dungeon Crawl Stone Soup version 0.22-a0-192-g6ffc940 (webtiles) character file.

374 Amnesiac the Digger (level 6, -8/41 HPs)
             Began as a Mummy Earth Elementalist on Feb 16, 2018.
             Mangled by an iguana (12 damage)
             ... on level 4 of the Dungeon.
             The game lasted 00:05:38 (4610 turns).

Amnesiac the Digger (Mummy Earth Elementalist)      Turns: 4610, Time: 00:05:38

Health: -8/41      AC:  3    Str: 12    XL:     6   Next: 43%
Magic:  10/13      EV: 12    Int: 16    God:
Gold:   131        SH:  0    Dex: 12    Spells: 7/14 levels left

rFire    x . .     SeeInvis .   t - +0 halberd (freeze)
rCold    + . .     Gourm    .   (shield currently unavailable)
rNeg     + + +     Faith    .   c - +0 robe
rPois    ∞         Spirit   .   l - +0 helmet
rElec    .         Reflect  .   (no cloak)
rCorr    .         Harm     .   (no gloves)
MR       .....                  (no boots)
Stlth    ++........             (no amulet)
HPRegen  0.13/turn              (no ring)
MPRegen  0.13/turn              (no ring)

@: no status effects
A: no food or potions, fire vulnerability, cold resistance 1, negative energy
resistance 3, torment resistance, unbreathing
a: no special abilities


You were on level 4 of the Dungeon.
You were not hungry.

You visited 1 branch of the dungeon, and saw 4 of its levels.

You collected 131 gold pieces.

Inventory:

Hand Weapons
 a - a +0 mace
 b - a +0 hunting sling
 o - a +0 dagger
 s - a +1 halberd of chopping
 t - a +0 halberd of freezing (weapon)
 y - a +3 dagger
Missiles
 e - 14 poisoned needles
 n - 154 stones (quivered)
 p - 22 sling bullets
Armour
 c - a +0 robe (worn)
 j - a +0 buckler
 l - a +0 helmet (worn)
Jewellery
 g - a +3 ring of dexterity {unknown}
Wands
 u - a wand of iceblast (11)
Scrolls
 f - a scroll of enchant weapon {!r, unknown}
 h - 2 scrolls of amnesia {!r, unknown}
 i - 3 scrolls of teleportation {!r, unknown}
 k - 2 scrolls of remove curse {!r, unknown}
 m - a scroll of fear {!r, unknown}
 q - 2 scrolls of identify {!r, unknown}
 r - a scroll of noise {!r, unknown}
 v - a scroll of magic mapping {!r, unknown}
 w - a scroll of enchant armour {!r, unknown}
 x - a scroll of immolation {!r, unknown}
Books
 d - a book of Geomancy

   Spells                             Type                      Level
   a - Sandblast                      Earth                        1
   b - Passwall                       Transmutation/Earth          2
   c - Stone Arrow                    Conjuration/Earth            3
   d - Petrify                        Transmutation/Earth          4
   e - Lee's Rapid Deconstruction     Earth                        5


   Skills:
 - Level 1.5 Dodging
 - Level 1.5 Stealth
 + Level 2.1 Shields
 + Level 4.7 Spellcasting
 - Level 0.7 Transmutations
 * Level 4.8 Earth Magic


You had 7 spell levels left.
You knew the following spells:

 Your Spells              Type           Power        Failure   Level  Hunger
a - Sandblast             Erth           ###...       2%          1    N/A
b - Passwall              Tmut/Erth      ##........   8%          2    N/A
e - Petrify               Tmut/Erth      ##......     45%         4    N/A

Dungeon Overview and Level Annotations

Branches:
Dungeon (4/15)
 Temple: D:4-7

Altars:
Makhleb
Okawaru
Zin

Shops:
D:4 ?


Innate Abilities, Weirdness & Mutations

You do not eat or drink.
Your flesh is vulnerable to fire.
You are immune to poison.
Your flesh is cold resistant. (rC+)
You are immune to negative energy. (rN+++)
You are immune to unholy pain and torment.
You can survive without breathing.


Message History

The iguana is lightly wounded.
n - 158 stones Unknown command.
Casting: Sandblast (safe; 2% risk of failure)
Confirm with . or Enter, or press ? or * to list all spells.
Aiming: Sandblast (safe; 2% risk of failure)
Press: ? - help, Shift-Dir - straight line, f/p - iguana
Aim: an iguana The blast of sand misses the iguana.
n - 157 stones Wield which item (- for none, * to show all)? (? for menu, Esc to quit)
Your +0 halberd of freezing glows with a cold blue light!
t - a +0 halberd of freezing (weapon)
The iguana barely misses you.
You hit the iguana but do no damage.
The iguana bites you but does no damage.
You puncture the iguana! You freeze the iguana.
The iguana is almost dead.
The iguana closely misses you. x2
Casting: Sandblast (safe; 2% risk of failure)
Confirm with . or Enter, or press ? or * to list all spells.
Aiming: Sandblast (safe; 2% risk of failure)
Press: ? - help, Shift-Dir - straight line, f/p - iguana
Aim: an iguana (almost dead)
The blast of sand hits the iguana.
The iguana is almost dead.
n - 156 stones The iguana bites you.
Unknown command.
You hit the iguana but do no damage.
The iguana is almost dead.
The iguana misses you.
You barely miss the iguana.
The iguana is almost dead.
The iguana bites you! The iguana bites you.
You hit the iguana but do no damage.
The iguana is almost dead.
The iguana bites you.
You closely miss the iguana.
The iguana is almost dead.
The iguana bites you but does no damage.
The iguana bites you!
* * * LOW HITPOINT WARNING * * *
Unknown command.
Casting: Sandblast (safe; 2% risk of failure)
Confirm with . or Enter, or press ? or * to list all spells.
Aiming: Sandblast (safe; 2% risk of failure)
Press: ? - help, Shift-Dir - straight line, f/p - iguana
Aim: an iguana (almost dead)
The blast of sand misses the iguana.
n - 155 stones The iguana bites you!
* * * LOW HITPOINT WARNING * * *
Unknown command.
Casting: Sandblast (safe; 2% risk of failure)
Confirm with . or Enter, or press ? or * to list all spells.
Aiming: Sandblast (safe; 2% risk of failure)
Press: ? - help, Shift-Dir - straight line, f/p - iguana
Aim: an iguana (almost dead)
The blast of sand hits the iguana.
The iguana is almost dead.
n - 154 stones The iguana bites you!
You die...

#...# ####### ######.#
#.###... .# #######...#.#
#.##.###.# #.......#..∩#
#......#.# #.#####.....##
##..!...#^###...
##.#.#.###..<#.......>...
#[#.##...........####... ###
#[#.###..........###.#
(((.#####....###@.....<......#
##((..........l.....#...###.#
#...((..................#
#..####.......##.##.#...#
#.......(........#..#...#
....##........†......... ..#
#.##.##.####..##.### .
#.##.##.# ..##.# # .....##.#
#...#.


You could see an iguana.

Vanquished Creatures
  A scorpion (D:4)
  A hound (D:4)
  A centaur skeleton (D:4)
  2 orc priests (D:3)
  An orc wizard (D:4)
  6 gnolls
  3 adders
  4 worms
  2 dart slugs
  4 leopard geckos
  6 orcs
  2 ball pythons
  9 bats
  9 giant cockroaches
  6 goblins
  7 hobgoblins
  2 quokkas
  2 frilled lizards
  A jackal skeleton (D:4)
  3 kobolds
  A quokka skeleton (D:4)
  7 rats
80 creatures vanquished.

Notes
Turn   | Place    | Note
-------+----------+-------------------------------------------
     0 | D:1      | Amnesiac the Mummy Earth Elementalist began the quest for the Orb.
     0 | D:1      | Reached XP level 1. HP: 13/13 MP: 4/4
   350 | D:1      | Reached XP level 2. HP: 19/19 MP: 5/5
  1238 | D:1      | Reached XP level 3. HP: 3/24 MP: 0/7
  2084 | D:2      | Found an iron altar of Okawaru.
  2168 | D:2      | Reached XP level 4. HP: 21/30 MP: 9/9
  2662 | D:2      | Reached skill level 1 in Shields
  3285 | D:3      | Reached XP level 5. HP: 32/35 MP: 10/10
  3289 | D:3      | Learned a level 2 spell: Passwall
  3294 | D:3      | Learned a level 4 spell: Petrify
  3593 | D:3      | Found a burning altar of Makhleb.
  3596 | D:3      | Noticed a cacodemon
  3597 | D:3      | Found a glowing silver altar of Zin.
  3598 | D:3      | Noticed an angel
  4229 | D:4      | Reached XP level 6. HP: 19/41 MP: 10/12
  4482 | D:4      | Found Nypa's Magic Scroll Shoppe.
  4610 | D:4      | Mangled by an iguana

Vault maps used:
D:1:      scummos_arrival_hexagon, minmay_tetromino_i2
D:2:      okawaru_metal_pillars_1_2, first_ration
D:3:      grunt_temple_overflow_order_and_chaos_2
D:4:      serial_shops, shop_fountains, shop

Skill      XL: |  1  2  3  4  5  6 |
---------------+-------------------+-----
Spellcasting   | 3 4 |  4.7
Earth Magic    | 3 4 |  4.8
Shields        | 1 2 |  2.1
Dodging        | |  1.5
Stealth        | |  1.5
Transmutations | |  0.7

Action                   |  1- 3 |  4- 6 || total
-------------------------+-------+-------++-------
Melee: Mace              |    80 |       ||    80
       Halberd           |       |     6 ||     6
 Fire: Hunting sling     |       |   181 ||   181
Throw: Stone             |     3 |       ||     3
 Cast: Sandblast         |    18 |    28 ||    46
 Stab: Sleeping          |     2 |       ||     2
Armor: Robe              |    32 |    19 ||    51
Dodge: Dodged            |    69 |    77 ||   146

Table legend:
 A = Spawn XP
 B = Non-spawn XP
 C = Spawn XP percentage of total XP
 D = Spawn monster count
 E = Non-spawn monster count
 F = Spawn count percentage of total count
 G = Total turns spent on level
                    A         B        C        D         E        F      G
               +---------+---------+-------+---------+---------+-------+---------
         Total |       0 |     535 |   0.0 |       0 |      80 |   0.0 |  4610
               +---------+---------+-------+---------+---------+-------+---------
           D:1 |       0 |      41 |   0.0 |       0 |      16 |   0.0 |  1366
           D:2 |       0 |     134 |   0.0 |       0 |      31 |   0.0 |  1781
           D:3 |       0 |     151 |   0.0 |       0 |      21 |   0.0 |  1057
           D:4 |       0 |     209 |   0.0 |       0 |      12 |   0.0 |   406
               +---------+---------+-------+---------+---------+-------+---------
